AoeStats
← BruteSquad

Arabia

510360291Analyzed
1v1 RM · 1d ago on Sep 30, 2026· 49m 5s· 2 players
Game mode
Random Map
Map size
Tiny (2 player)
Population
200
Speed
Normal
Resources
Standard
Victory
Conquest
Starting age
Dark Age
Ending age
Imperial Age
RankedLock teamsTeams togetherTeam positionsShared explorationLock speedFull tech treeHidden civsTurbo modeCheats
Victory
Defeat
🇺🇸 Japanese · United States
854
+16
🇮🇳 Tupi · India
855
-16
BruteSquad
8:18 Loom
11:06 Feudal Age
12:03 Man-at-Arms
13:03 Double-Bit Axe
14:08 Wheelbarrow
13:44 Horse Collar
22:07 Castle Age
20:01 Fletching
23:24 Hand Cart
23:22 Bow Saw
23:32 Heavy Plow
23:07 Crossbowman
24:25 Padded Archer Armor
30:37 Thumb Ring
30:29 Bodkin Arrow
30:50 Leather Archer Armor
32:27 Long Swordsman
37:18 Forging
37:09 Scale Mail Armor
40:18 Imperial Age
40:59 Arbalester
43:19 Bracer
43:50 Ring Archer Armor
44:44 Elite Samurai
46:31 Ballistics
47:11 Chemistry
48:56 Iron Casting
48:37 Chain Mail Armor
raghu123six
11:50 Feudal Age
10:05 Loom
12:04 Champi Runner
14:09 Double-Bit Axe
14:06 Horse Collar
14:14 Horse Collar
20:00 Scale Mail Armor
21:01 Forging
21:37 Arson
25:18 Fletching
25:28 Padded Archer Armor
27:50 Castle Age
25:35 Town Watch
28:41 Bow Saw
28:50 Champi Warrior
29:31 Squires
29:57 Heavy Plow
29:47 Gold Mining
30:58 Leather Archer Armor
30:58 Chain Mail Armor
31:18 Iron Casting
30:39 Bodkin Arrow
31:31 Wheelbarrow
31:56 Gold Shaft Mining
31:11 Stone Mining
37:49 Hand Cart
39:20 Hand Cart
39:05 Town Patrol
40:49 Caciques
45:31 Imperial Age
47:51 Imperial Age
44:57 Elite Skirmisher
45:02 Elite Skirmisher
Connection lost

Rejoining the realm…

Still unreachable

The connection could not be restored.

Session expired

The server has moved on; the page needs a fresh start.